[Event "*** Titled Tuesday Blitz"]
[Site "Chess.com"]
[Date "2020.04.14"]
[Round "3"]
[White "TigrVShlyape"]
[Black "iLuusions"]
[Result "1-0"]
[WhiteElo "2857"]
[BlackElo "2570"]
[TimeControl "180+1"]
[EndTime "10:27:22 PDT"]
[Termination "TigrVShlyape won by resignation"]

1. d4 Nf6 2. Nf3 e6 3. Bf4 d5 4. e3 Bd6 5. Bg3 O-O 6. c4 b6 7.
cxd5 exd5 8. Nc3 a6 9. Bd3 Bb7 10. Ne5 Nbd7 11. O-O Qe7 12. Nxd7 Qxd7 13. Bxd6 Qxd6 14.
Rc1 Rfe8 15. Qc2 h5 16. h3 Re7 17. Ne2 Ne4 18. a3 h4 19. b4 g6 20. Bxe4 dxe4 21.
Rfd1 g5 22. d5 f5 23. Nd4 Qe5 24. Nc6 Bxc6 25. Qxc6 Rf8 26. d6 cxd6 27. Rxd6 f4 28. Rg6+ Kh8 29. Qxb6 Ref7 30. Rh6+ Kg8 31. Qg6+ Rg7 32.
Qh5 Rgf7 33. Rc5 Qa1+ 34. Kh2 1-0

[Event "*** Titled Tuesday Blitz"]
[Site "Chess.com"]
[Date "2020.04.14"]
[Round "3"]
[White "dcann0n88"]
[Black "KingChess345"]
[Result "1-0"]
[WhiteElo "2303"]
[BlackElo "2045"]
[TimeControl "180+1"]
[EndTime "10:27:22 PDT"]
[Termination "dcann0n88 won by resignation"]

1. e4 c5 2. Nf3 Nc6 3. d4 cxd4 4. Nxd4 Nf6 5. Nc3 e5 6. Ndb5 d6 7. Bg5 a6 8. Na3 b5 9. Nd5 Be7 10. Bxf6 Bxf6 11. c3 Bg5 12. Nc2 O-O 13. a4 bxa4 14. Rxa4 a5 15. Bc4 Rb8 16. b3 Be6 17. O-O g6 18.
Nce3 Ne7 19. Nxe7+ Qxe7 20. Bd5 Bxe3 21. fxe3 Rfc8 22.
c4 Bxd5 23. exd5 Qa7 24. Qd3 f5 25. Rfa1 Rc5 26. b4 e4 27. Qd4 Rc7 28. b5 Qxd4 29. exd4 Rbc8 30. Rc1 Kf7 31. Kf2 g5 32. Ke3 Kf6 33.
b6 Rb7 34. Rb1 Ke7 35. Rb5 Kd7 36. c5 dxc5 37. dxc5 Rbb8 38. Raxa5 1-0

[Event "*** Titled Tuesday Blitz"]
[Site "Chess.com"]
[Date "2020.04.14"]
[Round "3"]
[White "M1711"]
[Black "Jenia84"]
[Result "1/2-1/2"]
[WhiteElo "2544"]
[BlackElo "2324"]
[TimeControl "180+1"]
[EndTime "10:27:23 PDT"]
[Termination "Game drawn by repetition"]

1. d4 Nf6 2. Bg5 e6 3. e4 h6 4. Bxf6 Qxf6 5. c3 c5 6. Nf3 d5 7. exd5 exd5 8. dxc5 Bxc5 9. Bb5+ Nc6 10. O-O Be6 11. Nbd2 O-O 12. Nb3 Bb6 13. Nfd4 Nxd4 14. Nxd4 a6 15. Be2 Bxd4 16. cxd4 Rac8 17. Bf3 Rc4 18.
Qe2 Rxd4 19. Rad1 Rxd1 20. Rxd1 Rc8 21. h3 Rc5 22. b4 Rc4 23. a3 Rd4 24. Rc1 g6 25. Rc7 b5 26. Rc6 Rc4 27. Rxa6 Qf4 28. g3 Rc1+ 29. Kg2 Qc4 30. Rxe6 fxe6 31. Qxe6+ Kg7 32.
Qe7+ Kh8 33. Qe5+ Kh7 34. Qe7+ Kh8 35. Qf8+ Kh7 36. Qf7+ Kh8 37. Qf6+ Kh7 38. Qe7+ Kh8 1/2-1/2

[Event "*** Titled Tuesday Blitz"]
[Site "Chess.com"]
[Date "2020.04.14"]
[Round "3"]
[White "Witik"]
[Black "dey2580"]
[Result "1-0"]
[WhiteElo "2733"]
[BlackElo "2472"]
[TimeControl "180+1"]
[EndTime "10:27:24 PDT"]
[Termination "Witik won on time"]

1. d4 Nf6 2. c4 e6 3. Nf3 Bb4+ 4. Nbd2 b6 5. e3 Bb7 6. Bd3 O-O 7. O-O Bxd2 8. Nxd2 d6 9. f4 c5 10. b3 Qe7 11. Bb2 Nc6 12. Rc1 Rad8 13. Qe2 Rfe8 14. Nf3 g6 15. Qe1 e5 16. fxe5 dxe5 17. d5 e4 18. dxc6 exd3 19. cxb7 Ne4 20. Nd2 Qxb7 21. Qh4 Nxd2 22. Qf6 Rd4 23. exd4 Re2 24. d5 1-0

[Event "*** Titled Tuesday Blitz"]
[Site "Chess.com"]
[Date "2020.04.14"]
[Round "3"]
[White "Bambi2006"]
[Black "Morshynska"]
[Result "1-0"]
[WhiteElo "2423"]
[BlackElo "2076"]
[TimeControl "180+1"]
[EndTime "10:27:24 PDT"]
[Termination "Bambi2006 won by resignation"]

1. d4 Nf6 2. c4 e6 3. g3 Bb4+ 4.
Nd2 c5 5. Nf3 cxd4 6. Nxd4 Nc6 7. Nc2 Be7 8. Bg2 d5 9. O-O d4 10. Nb3 e5 11. f4 exf4 12. Bxf4 O-O 13. Ncxd4 Qb6 14. Kh1 Rd8 15. Nxc6 bxc6 16. Qc2 Be6 17. Rac1 a5 18. e3 c5 19. Bxa8 Rxa8 20. Nd2 Bc8 21.
e4 Bb7 22. Rce1 Re8 23. Kg1 Bf8 24. Qb3 Qc6 25. Qb5 Qc8 26. Qxa5 Qh3 27. Qb5 Ng4 28.
Re2 Rxe4 29. Nxe4 Bxe4 30. Qe8 Bd3 31. Qxf8+ Kxf8 32. Bd6+ 1-0

[Event "*** Titled Tuesday Blitz"]
[Site "Chess.com"]
[Date "2020.04.14"]
[Round "3"]
[White "ADODOVE"]
[Black "lelya96"]
[Result "0-1"]
[WhiteElo "1794"]
[BlackElo "2265"]
[TimeControl "180+1"]
[EndTime "10:27:24 PDT"]
[Termination "lelya96 won on time"]

1. e4 e5 2. Nf3 Nc6 3. d4 exd4 4. Bc4 Nf6 5. O-O d5 6. exd5 Nxd5 7. Re1+ Be6 8. Ng5 Qd7 9. Nxe6 fxe6 10. Bg5 Be7 11. Bxe7 Ncxe7 12. Qh5+ g6 13. Qg4 Nf5 14. Nd2 O-O-O 15.
Nf3 Rhe8 16. Nxd4 Nf6 17. Bxe6 Rxe6 18. Nxe6 Nxg4 19. Nxd8 Qxd8 20. Rad1 Nd6 21. h3 Nh6 22. c4 b6 23. b4 Qg5 24. c5 bxc5 25. bxc5 Qxc5 26. Rc1 Qf5 27. g4 Nxg4 28. hxg4 Qxg4+ 29. Kf1 h5 30. Re3 h4 31. Rcc3 Qd1+ 32. Kg2 Qd5+ 0-1

[Event "*** Titled Tuesday Blitz"]
[Site "Chess.com"]
[Date "2020.04.14"]
[Round "3"]
[White "VincentKeymer"]
[Black "Kingsman132"]
[Result "0-1"]
[WhiteElo "2643"]
[BlackElo "2426"]
[TimeControl "180+1"]
[EndTime "10:27:25 PDT"]
[Termination "Kingsman132 won by resignation"]

1. Nf3 Nf6 2. c4 c5 3. Nc3 Nc6 4. g3 g6 5. Bg2 Bg7 6. O-O O-O 7. d4 d5 8. dxc5 dxc4 9. Qa4 Qa5 10. Qxc4 Be6 11.
Qh4 Qxc5 12. Bh6 Rfd8 13. Bxg7 Kxg7 14. Ng5 Bf5 15. g4 Rd4 16. h3 h5 17. Nf3 Rb4 18. a3 Rf4 19. Qg3 hxg4 20. Qxf4 gxf3 21. Qxf3 Rh8 22. Rfd1 e5 23. Rac1 Qb6 24. e4 Be6 25. b4 Nd4 26. Qe3 Nh5 27. Na4 Qd8 28. Rc5 Nf4 29. Nc3 Qg5 30. Qg3 Nde2+ 31. Nxe2 Nxe2+ 32.
Kh2 Nxg3 33. fxg3 Bxh3 34. Bxh3 Rxh3+ 35. Kxh3 Qh5+ 0-1

[Event "*** Titled Tuesday Blitz"]
[Site "Chess.com"]
[Date "2020.04.14"]
[Round "3"]
[White "Stameny"]
[Black "Lysiak_Poltorak"]
[Result "1-0"]
[WhiteElo "2546"]
[BlackElo "2233"]
[TimeControl "180+1"]
[EndTime "10:27:25 PDT"]
[Termination "Stameny won by resignation"]

1. e4 c6 2. Nc3 d5 3. Nf3 Bg4 4. h3 Bxf3 5. Qxf3 e6 6. d3 Nd7 7. Bd2 Bc5 8. O-O-O Ne7 9. g4 a5 10. g5 b5 11. exd5 Nxd5 12. Nxd5 cxd5 13. h4 Qb6 14. Be3 Rc8 15. d4 Bd6 16. h5 b4 17. Kb1 a4 18. g6 f5 19. gxh7 b3 20.
Bd3 bxa2+ 21. Kxa2 Nf6 22. Rhg1 Rxh7 23. h6 gxh6 24.
Rg6 Rb8 25. Bc1 a3 26. b3 Ne4 27. Bxe4 dxe4 28. Rxe6+ Kd8 29. Qxf5 Qc7 30. Rxd6+ Qxd6 31. Qxh7 Kc8 32. Qxe4 Qc7 33. Bf4 Qxc2+ 1-0

[Event "*** Titled Tuesday Blitz"]
[Site "Chess.com"]
[Date "2020.04.14"]
[Round "3"]
[White "Sviridov_Valery"]
[Black "chessintuit"]
[Result "1-0"]
[WhiteElo "2823"]
[BlackElo "2622"]
[TimeControl "180+1"]
[EndTime "10:27:26 PDT"]
[Termination "Sviridov_Valery won by resignation"]

1. Nf3 d5 2. d4 Nf6 3. e3 c5 4. c3 Nc6 5. Nbd2 Bf5 6. dxc5 e5 7. b4 Qc7 8. Bb2 Be7 9. Be2 O-O 10. O-O Rfd8 11. a3 a6 12. Qb3 Bf8 13. c4 d4 14.
exd4 exd4 15. Bd3 Bg4 16. h3 Bh5 17. Rfe1 Qf4 18. Bc1 Qc7 19. Bb2 Qf4 20. Qc2 Bg6 21.
Bxg6 hxg6 22. Qd3 Rac8 23. Ne4 Qf5 24. Nxf6+ Qxf6 25. Rad1 a5 26. b5 Nb8 27. Bxd4 Qf4 28. Qe3 Qxe3 29. Bxe3 Re8 30. Rd5 Red8 31. Red1 Rxd5 32.
Rxd5 b6 33. cxb6 Bxa3 34. b7 Re8 35. c5 a4 36. c6 Be7 37. c7 1-0

[Event "*** Titled Tuesday Blitz"]
[Site "Chess.com"]
[Date "2020.04.14"]
[Round "3"]
[White "Arencibia"]
[Black "LittlePeasant"]
[Result "0-1"]
[WhiteElo "2484"]
[BlackElo "2815"]
[TimeControl "180+1"]
[EndTime "10:27:26 PDT"]
[Termination "LittlePeasant won by resignation"]

1. d4 Nf6 2. c4 c5 3. d5 b5 4. cxb5 a6 5. bxa6 Bxa6 6. Nc3 g6 7. f4 Qa5 8. Bd2 Bg7 9. Nf3 O-O 10. e4 Bxf1 11.
Rxf1 d6 12. e5 Nfd7 13. Qe2 Qa6 14. e6 Qxe2+ 15. Kxe2 fxe6 16. Ng5 Bxc3 17. bxc3 exd5 18. Ne6 Rc8 19. f5 Nc6 20. fxg6 hxg6 21. Nf4 Nf6 22.
Nxg6 Kg7 23. Nh4 Rh8 24. Nf5+ Kg6 25. h3 Ne4 26. Be1 e6 27. Ne3 d4 28. Rf4 d5 29.
Rg4+ Kf7 30. Nd1 c4 31. cxd4 Nxd4+ 32. Kf1 Nc2 33. Rb1 Rhb8 34. Rxb8 Rxb8 35. Bh4 Rb1 36. Ke2 Nd4+ 37. Ke1 c3 38. Rf4+ Ke8 0-1

[Event "*** Titled Tuesday Blitz"]
[Site "Chess.com"]
[Date "2020.04.14"]
[Round "3"]
[White "GMaka"]
[Black "jk13"]
[Result "0-1"]
[WhiteElo "2255"]
[BlackElo "2793"]
[TimeControl "180+1"]
[EndTime "10:27:26 PDT"]
[Termination "jk13 won by resignation"]

1. d4 Nf6 2. Bg5 Ne4 3. Bf4 Nc6 4. e3 d5 5. f3 Nf6 6. Bd3 g6 7. a3 Bg7 8. Nc3 O-O 9. Nge2 Nh5 10. O-O Nxf4 11.
Nxf4 e5 12. Nfxd5 exd4 13. exd4 Nxd4 14. Bc4 c6 15. Ne3 Qb6 16. Na4 Qc7 17. Nc5 Nf5 18. Nxf5 Bxf5 19. Nd3 Rad8 20. Rb1 b5 21. Ba2 c5 22.
Qc1 c4 23. Nf2 Be5 24. h3 Bf4 25. Qe1 Bxc2 26. Qb4 a6 27. Rbe1 Bd2 28. Qe7 Rd7 29.
Qe5 Bxe1 30. Rxe1 Qxe5 31. Rxe5 Rfd8 32. Kh2 Rd2 33. Ng4 Kg7 0-1

[Event "*** Titled Tuesday Blitz"]
[Site "Chess.com"]
[Date "2020.04.14"]
[Round "3"]
[White "Renegade_Hitman"]
[Black "Kaua18"]
[Result "1-0"]
[WhiteElo "1927"]
[BlackElo "2254"]
[TimeControl "180+1"]
[EndTime "10:27:26 PDT"]
[Termination "Renegade_Hitman won by checkmate"]

1. Nf3 c5 2. b3 Nc6 3. Bb2 d6 4. e3 e5 5. d4 cxd4 6. exd4 e4 7. d5 exf3 8. dxc6 bxc6 9. Qxf3 Bb7 10. Bd3 Nf6 11.
O-O Be7 12. Re1 O-O 13. Qh3 h6 14. Nd2 d5 15. Nf3 c5 16. Be5 Ne4 17. Bxe4 dxe4 18. Rad1 Qb6 19. Qg4 f6 20. Bc3 exf3 21. Rxe7 Rf7 22.
Rxf7 Kxf7 23. Rd7+ Ke8 24. Rxg7 Qd6 25. Qg6+ Kd8 26.
Bxf6+ Kc8 27. Qe8+ Qd8 28. Qxd8# 1-0

[Event "*** Titled Tuesday Blitz"]
[Site "Chess.com"]
[Date "2020.04.14"]
[Round "3"]
[White "Orest_Vovk"]
[Black "mrkvoz"]
[Result "0-1"]
[WhiteElo "2473"]
[BlackElo "2790"]
[TimeControl "180+1"]
[EndTime "10:27:27 PDT"]
[Termination "mrkvoz won on time"]

1. g4 d5 2. Bg2 c6 3. h3 e5 4. d4 e4 5. c4 h5 6. Nc3 hxg4 7.
cxd5 cxd5 8. Qb3 Nc6 9. Qxd5 Be6 10. Qxd8+ Rxd8 11. d5 Bxd5 12. Nxd5 Rxd5 13. Bd2 Nf6 14. hxg4 Rxh1 15. Bxh1 Bb4 16. Rd1 Rxd2 17. Rxd2 e3 18. Bxc6+ bxc6 19. fxe3 Nxg4 20. a3 Bxd2+ 21. Kxd2 Ne5 22. b3 g5 23. Nf3 Nxf3+ 24. exf3 f5 25. e4 fxe4 26. fxe4 Ke7 27. Ke3 Ke6 28. Kf3 Ke5 29.
b4 g4+ 30. Kxg4 Kxe4 31. Kg5 Kd5 32. Kf5 Kc4 33. Ke5 Kb3 34. Kd6 Kxa3 35. Kc5 a6 36. Kc4 Kb2 37. Kc5 Kb3 38. Kxc6 Kxb4 0-1

[Event "*** Titled Tuesday Blitz"]
[Site "Chess.com"]
[Date "2020.04.14"]
[Round "3"]
[White "beto-betun"]
[Black "ahachess"]
[Result "0-1"]
[WhiteElo "2093"]
[BlackElo "2318"]
[TimeControl "180+1"]
[EndTime "10:27:27 PDT"]
[Termination "ahachess won by checkmate"]

1. d4 Nf6 2. Nf3 g6 3. g3 Bg7 4. Bg2 O-O 5. O-O d6 6. c4 Nc6 7. Nc3 Bg4 8. d5 Na5 9. Nd2 c5 10. f3 Bd7 11. e4 a6 12. a4 Rb8 13. Qe2 b5 14. axb5 axb5 15. Nxb5 Nxc4 16. Nxc4 Bxb5 17.
Re1 Nd7 18. Qc2 Qc7 19. Ra2 Rb7 20. Bg5 Re8 21. Rb1 h6 22. Bf4 Reb8 23. b4 Bxc4 24. Qxc4 Rxb4 25. Rxb4 Rxb4 26. Qa6 Bd4+ 27. Kf1 Rb1+ 28.
Ke2 Kg7 29. Bh3 Ne5 30. Bxe5+ Bxe5 31. Qc6 Qb8 32. f4 Rb2+ 33. Rxb2 Qxb2+ 34. Kf3 Bd4 35. Kg4 Qxh2 36. Qd7 h5+ 37. Kh4 Bf6# 0-1

[Event "*** Titled Tuesday Blitz"]
[Site "Chess.com"]
[Date "2020.04.14"]
[Round "3"]
[White "ErikRonka"]
[Black "ElHelvetico"]
[Result "0-1"]
[WhiteElo "2378"]
[BlackElo "2606"]
[TimeControl "180+1"]
[EndTime "10:27:28 PDT"]
[Termination "ElHelvetico won by resignation"]

1. e4 e5 2. Nf3 Nc6 3. Nc3 Nf6 4. d4 exd4 5. Nxd4 Bb4 6. Nxc6 bxc6 7. Bd3 O-O 8. O-O Re8 9. Bg5 h6 10. Bh4 Bxc3 11. bxc3 g5 12. Bg3 Nxe4 13. Qh5 d6 14.
Qxh6 Bf5 15. Bxe4 Rxe4 16. f4 Re6 17. Qh5 Bg6 18. Qf3 gxf4 19. Qxf4 Qf8 20. Bh4 Re4 21. Qg3 Rae8 22. Bf6 Qh6 23. h3 Qe3+ 24. Qxe3 Rxe3 25. Rf4 Re1+ 26. Rxe1 Rxe1+ 27. Kf2 Re6 28. g4 Bxc2 29.
g5 Kh7 30. Kf3 Kg6 31. Rb4 c5 32. Rb7 Be4+ 0-1

[Event "*** Titled Tuesday Blitz"]
[Site "Chess.com"]
[Date "2020.04.14"]
[Round "3"]
[White "DejanNestor64"]
[Black "JonahWillow"]
[Result "1-0"]
[WhiteElo "2410"]
[BlackElo "2742"]
[TimeControl "180+1"]
[EndTime "10:27:28 PDT"]
[Termination "DejanNestor64 won by resignation"]

1. d4 c5 2. d5 g6 3. c4 d6 4. e4 Nf6 5. Nc3 Bg7 6. Bd3 O-O 7. Nf3 Bg4 8. h3 Bxf3 9. Qxf3 Nbd7 10. Qd1 a6 11. a4 Rb8 12. O-O Ne8 13. Bg5 Nc7 14.
Qd2 Ne5 15. Be2 Na8 16. f4 Nd7 17. Rae1 Re8 18. Bg4 Nf6 19. Bf3 Nd7 20. Bg4 Nc7 21. e5 dxe5 22. Bxd7 Qxd7 23. fxe5 b5 24. Rxf7 b4 25.
Rxg7+ Kxg7 26. e6 Qd6 27. Bf4 bxc3 28. Qxc3+ Kg8 29. Bh6 1-0

[Event "*** Titled Tuesday Blitz"]
[Site "Chess.com"]
[Date "2020.04.14"]
[Round "3"]
[White "SONOFHOLYGOD"]
[Black "Kotofeyca"]
[Result "1-0"]
[WhiteElo "2595"]
[BlackElo "2368"]
[TimeControl "180+1"]
[EndTime "10:27:30 PDT"]
[Termination "SONOFHOLYGOD won by resignation"]

1. c4 c6 2. e4 d5 3. cxd5 cxd5 4. exd5 Qxd5 5. Nc3 Qd8 6. d4 e6 7. Bc4 Nf6 8. Nf3 Be7 9. O-O O-O 10. Qe2 Nbd7 11. Bg5 Nb6 12. Bb3 Bd7 13. Ne5 Rc8 14. Rad1 Nfd5 15.
Nxd5 Bxg5 16. Nxb6 axb6 17. d5 Qe7 18. Nxd7 Qxd7 19. dxe6 Qc6 20. exf7+ Kh8 21. Rd3 Bf6 22. Rfd1 b5 23. h3 b4 24. Rd5 Rxf7 25. Rd6 Qc7 26. Bxf7 Qxf7 27. Rd7 Qxa2 28. Rxb7 Qxb2 29. Qxb2 Bxb2 30. Rxb4 Bf6 31. Rdb1 h6 32. Rb8 Rxb8 33. Rxb8+ Kh7 34. g3 Kg6 35. Rb6 Kf7 36. Kg2 Kg6 37. f4 Kf7 38. f5 Ke7 39. Kf3 Kf7 40. Kg4 Ke7 41. Kh5 Kf7 42. h4 Bd4 43. Ra6 Bf2 44. g4 Bg3 45. g5 hxg5 46. hxg5 Bf4 47. Ra7+ Kf8 48. Kg6 Be3 49. Rf7+ Ke8 50. Rxg7 Bd4 51. Rb7 Kf8 52. f6 Ke8 53. Rb8+ Kd7 54. f7 Bc5 55. f8=Q 1-0

[Event "*** Titled Tuesday Blitz"]
[Site "Chess.com"]
[Date "2020.04.14"]
[Round "3"]
[White "DanielRensch"]
[Black "RuperezA"]
[Result "1-0"]
[WhiteElo "2533"]
[BlackElo "2254"]
[TimeControl "180+1"]
[EndTime "10:27:30 PDT"]
[Termination "DanielRensch won by resignation"]

1. e4 e6 2. d4 d5 3. Nc3 Bb4 4. e5 c5 5. a3 Bxc3+ 6. bxc3 Qa5 7. Bd2 Qa4 8. Qb1 a6 9. Nf3 Nc6 10. Qb3 Qxb3 11. cxb3 Na5 12. b4 Nb3 13. Rb1 Nxd2 14. Kxd2 cxd4 15. Nxd4 Ne7 16. f4 O-O 17. a4 f6 18. exf6 Rxf6 19. g3 Bd7 20. Bh3 Rh6 21. Bg4 Rg6 22. Bd1 Rc8 23. Re1 Nc6 24. Nf3 Rf6 25.
Bb3 Kf8 26. Re3 h6 27. Rbe1 Kf7 28. h4 a5 29. b5 Nd8 30. Nd4 b6 31. f5 exf5 32.
Re7+ 1-0

[Event "*** Titled Tuesday Blitz"]
[Site "Chess.com"]
[Date "2020.04.14"]
[Round "3"]
[White "Playgood28"]
[Black "Larina_Marija"]
[Result "1/2-1/2"]
[WhiteElo "2161"]
[BlackElo "2332"]
[TimeControl "180+1"]
[EndTime "10:27:30 PDT"]
[Termination "Game drawn by repetition"]

1. d4 f5 2. Nf3 Nf6 3. g3 g6 4.
Bg2 Bg7 5. O-O O-O 6. c4 d6 7. Nc3 Nc6 8. d5 Na5 9. Qd3 e5 10. e4 fxe4 11. Nxe4 Nxe4 12. Qxe4 Bf5 13. Qe2 b6 14. Ng5 Rb8 15. Ne4 Nb7 16. Be3 Nc5 17.
f3 Qd7 18. b4 Nxe4 19. fxe4 Bg4 20. Qd2 Bh3 21. Bxh3 Qxh3 22. c5 bxc5 23. bxc5 Qg4 24. Qg2 Rb4 25. cxd6 cxd6 26. Bxa7 Rxe4 27. Rxf8+ Bxf8 28. Rf1 Re2 29. Rf2 Re1+ 30. Rf1 Re2 31. Rf2 Re1+ 32.
Rf1 Re2 1/2-1/2

[Event "*** Titled Tuesday Blitz"]
[Site "Chess.com"]
[Date "2020.04.14"]
[Round "3"]
[White "WIDBIFS"]
[Black "druskacik"]
[Result "1-0"]
[WhiteElo "2787"]
[BlackElo "2580"]
[TimeControl "180+1"]
[EndTime "10:27:31 PDT"]
[Termination "WIDBIFS won on time"]

1. d4 Nf6 2. Nf3 d5 3. Bf4 c5 4. e3 Nc6 5. Nbd2 e6 6. c3 Bd6 7. Bg3 O-O 8. Bd3 b6 9. Qe2 Bb7 10. Rd1 Rc8 11. Ne5 Ne7 12. f4 Ne4 13. Bh4 f6 14.
Nxe4 dxe4 15. Bb5 Nf5 16. Bf2 cxd4 17. exd4 e3 18. Bg3 Bd5 19. Ng4 Bxa2 20. Nxe3 Bb3 21.
Ra1 a5 22. O-O Qc7 23. Rac1 Kf7 24. Nxf5 exf5 25. c4 a4 26. Rfe1 1-0

[Event "*** Titled Tuesday Blitz"]
[Site "Chess.com"]
[Date "2020.04.14"]
[Round "3"]
[White "ajian"]
[Black "grzechu96"]
[Result "0-1"]
[WhiteElo "2365"]
[BlackElo "2589"]
[TimeControl "180+1"]
[EndTime "10:27:31 PDT"]
[Termination "grzechu96 won by resignation"]

1. d4 Nf6 2. c4 g6 3. Nc3 d5 4. cxd5 Nxd5 5. e4 Nxc3 6. bxc3 Bg7 7. Bc4 c5 8. Ne2 Nc6 9. Be3 O-O 10. O-O Qc7 11. Rc1 b6 12. Bf4 e5 13. Be3 Bb7 14. Bd5 Na5 15. Bxb7 Nxb7 16. Qd3 Rad8 17. Rfd1 Rfe8 18.
d5 c4 19. Qd2 Nd6 20. f3 f5 21.
Qc2 Qd7 22. Rb1 fxe4 23. fxe4 Qg4 24. Ng3 h5 25. Bf2 h4 26. h3 Qf4 27. Ne2 Qxe4 28. Qxe4 Nxe4 29. Bxh4 Rd6 30. Rbc1 Nc5 31. Ng3 Nd3 32.
Ne4 Rxd5 33. Rc2 Rf8 34. a4 Rf4 0-1

[Event "*** Titled Tuesday Blitz"]
[Site "Chess.com"]
[Date "2020.04.14"]
[Round "3"]
[White "RATNAKARAN"]
[Black "willc-h99"]
[Result "1-0"]
[WhiteElo "2556"]
[BlackElo "2317"]
[TimeControl "180+1"]
[EndTime "10:27:31 PDT"]
[Termination "RATNAKARAN won on time"]

1. e4 c5 2. Nf3 g6 3. h4 h5 4. Bc4 Bg7 5. c3 e6 6. e5 Nc6 7. d4 cxd4 8. cxd4 d6 9. Qe2 Nge7 10. O-O Nf5 11. Bg5 Qb6 12. exd6 Nxd6 13. Bb3 Nxd4 14. Nxd4 Qxd4 15. Nc3 Qb6 16. Rad1 O-O 17.
Be7 Nf5 18. Bxf8 Bxf8 19. Ne4 Be7 20. g3 Nd4 21. Qd3 Nxb3 22. axb3 e5 23. Qc3 f6 24. Rfe1 Be6 25. Re3 Rc8 26. Qd3 Kg7 27. Ra1 a6 28. Qd1 Rd8 29. Qc2 Rc8 30. Qd2 Rd8 31. Rd3 Rxd3 32.
Qxd3 Qxb3 33. Qxb3 Bxb3 34. Rc1 Bd5 35. Rc7 Kf7 36.
Nd6+ Ke6 37. Nxb7 Bb4 38. Nd8+ Kf5 39. Nc6 Bd2 40. Ne7+ Ke6 41. Nxd5 Kd6 42. Rc2 1-0

[Event "*** Titled Tuesday Blitz"]
[Site "Chess.com"]
[Date "2020.04.14"]
[Round "3"]
[White "1lec"]
[Black "MusicCityMaster"]
[Result "1-0"]
[WhiteElo "2153"]
[BlackElo "2326"]
[TimeControl "180+1"]
[EndTime "10:27:31 PDT"]
[Termination "1lec won by resignation"]

1. e4 e6 2. d4 d5 3. Nd2 Nf6 4. e5 Nfd7 5. Bd3 c5 6. c3 Nc6 7. Ne2 cxd4 8. cxd4 f6 9. exf6 Nxf6 10. O-O Qc7 11.
Nf3 Bd6 12. Bd2 O-O 13. Rc1 Ng4 14. h3 Bh2+ 15. Kh1 Rxf3 16. gxf3 Nf6 17. f4 e5 18. Kxh2 Qd7 19. Ng1 e4 20. Be2 Nxd4 21. Bc3 Nxe2 22. Qxe2 d4 23. Rcd1 d3 24. Qe3 Qf5 25. Bxf6 gxf6 26.
f3 exf3 27. Qxd3 Qxf4+ 28. Kh1 Bg4 29. Qd4 Qh6 30. Qxg4+ Kh8 31. Nxf3 Rg8 32. Qh4 Qe3 33. Qxf6+ 1-0

[Event "*** Titled Tuesday Blitz"]
[Site "Chess.com"]
[Date "2020.04.14"]
[Round "3"]
[White "GukeshDommaraju"]
[Black "jonaszmb"]
[Result "1-0"]
[WhiteElo "2703"]
[BlackElo "2420"]
[TimeControl "180+1"]
[EndTime "10:27:32 PDT"]
[Termination "GukeshDommaraju won by checkmate"]

1. e4 c5 2. Nf3 Nc6 3. Bb5 a6 4.
Bxc6 dxc6 5. O-O Qc7 6. d3 e5 7.
a4 a5 8. Nbd2 Ne7 9. Nc4 Ng6 10.
Bd2 Be6 11. b3 f6 12. Bc3 Be7 13. Nfd2 O-O 14. Ne3 b6 15. g3 Bh3 16. Re1 Qd7 17.
Ndc4 Rab8 18. Qf3 Be6 19. Nf5 Kh8 20. Nce3 Rg8 21. h4 Nf8 22. h5 Bxf5 23. Nxf5 Ne6 24. Kg2 Nd4 25. Bxd4 cxd4 26. Rh1 Bb4 27. Nh4 Bd2 28.
h6 Bxh6 29. Nf5 Bg5 30. Qh5 g6 31. Qxh7+ Qxh7 32. Rxh7+ Kxh7 33. Rh1+ Bh6 34. Rxh6# 1-0

[Event "*** Titled Tuesday Blitz"]
[Site "Chess.com"]
[Date "2020.04.14"]
[Round "3"]
[White "lilleper1"]
[Black "Vice64"]
[Result "1-0"]
[WhiteElo "2789"]
[BlackElo "2472"]
[TimeControl "180+1"]
[EndTime "10:27:32 PDT"]
[Termination "lilleper1 won by resignation"]

1. d4 Nf6 2. c4 e6 3. Nf3 b6 4.
g3 Bb7 5. Bg2 Be7 6. O-O O-O 7.
Nc3 Ne4 8. Bd2 c5 9. d5 exd5 10. cxd5 Nxd2 11. Nxd2 d6 12. a4 Nd7 13. Nc4 a6 14. e4 Qc7 15. Qd3 Bf6 16. f4 Rae8 17. Rae1 Bd4+ 18. Kh1 Qb8 19. Bh3 Qc7 20. Bxd7 Qxd7 21.
Nxb6 Qc7 22. Nc4 Qb8 23. Ne2 Bf6 24. b3 Re7 25. g4 g6 26. g5 Bg7 27. f5 gxf5 28.
Rxf5 Rfe8 29. Ng3 Bc8 30. Rf6 Bxf6 31. gxf6 Re5 32. Nxe5 Rxe5 33. Rg1 Rg5 34. Qe3 Rg6 35. Nh5 Bg4 36. Nf4 Rg5 37. h4 1-0

[Event "*** Titled Tuesday Blitz"]
[Site "Chess.com"]
[Date "2020.04.14"]
[Round "3"]
[White "JLRHei"]
[Black "Ginger_GM"]
[Result "0-1"]
[WhiteElo "2372"]
[BlackElo "2596"]
[TimeControl "180+1"]
[EndTime "10:27:32 PDT"]
[Termination "Ginger_GM won on time"]

1. d4 e6 2. g3 f5 3. Bg2 Nf6 4. Nf3 Be7 5. O-O O-O 6. c4 d6 7. Nc3 Ne4 8. Qc2 Nxc3 9. Qxc3 a5 10. b3 Nc6 11. Bb2 Bf6 12. Qd2 e5 13. dxe5 dxe5 14. Qd5+ Kh8 15. Rad1 Qe8 16. Ba3 Nb4 17. Qd2 e4 18. Nd4 c6 19. Bxb4 axb4 20. Qxb4 Rxa2 21. e3 Qe7 22. c5 h5 23. Ra1 Rxa1 24. Rxa1 Bxd4 25.
Qxd4 Be6 26. b4 Bd5 27. Ra7 h4 28. b5 Rd8 29. b6 Bb3 30. Qb4 Rd1+ 31. Bf1 Qf7 32.
Ra8+ Kh7 0-1

[Event "*** Titled Tuesday Blitz"]
[Site "Chess.com"]
[Date "2020.04.14"]
[Round "3"]
[White "Nastya_Rakhmangulova"]
[Black "BAS8892"]
[Result "0-1"]
[WhiteElo "2405"]
[BlackElo "2651"]
[TimeControl "180+1"]
[EndTime "10:27:33 PDT"]
[Termination "BAS8892 won by resignation"]

1. e4 c6 2. d4 d5 3. Nc3 dxe4 4. Nxe4 Bf5 5. Ng3 Bg6 6. h4 h6 7. Nf3 Nd7 8. h5 Bh7 9. Bd3 Bxd3 10. Qxd3 e6 11.
Bf4 Qa5+ 12. Bd2 Qc7 13. O-O-O Ngf6 14. Ne4 O-O-O 15. Kb1 Nxe4 16. Qxe4 Nf6 17. Qe2 Bd6 18. c4 c5 19. Bc3 cxd4 20. Bxd4 a6 21. c5 Be7 22. Be5 Qc6 23. Nd4 Qe4+ 24. Qxe4 Nxe4 25. c6 Nxf2 26. Rc1 Nxh1 27. cxb7+ Kxb7 28. Rc7+ Kb6 29. Rc6+ Kb7 30. Rc7+ Ka8 31. Rxe7 Rc8 32. Rxf7 Rhf8 33.
Rxf8 Rxf8 34. a3 Rf7 35. g3 Nf2 36. Bf4 Nd3 37. Nxe6 Nxf4 38. Nxf4 Rf5 39. Kc2 Rg5 40. Kd3 Rxg3+ 41. Ke4 Rb3 42. Ne6 Rb5 43. Nxg7 Rg5 44. Nf5 Rxh5 45. Kf4 Rh1 46. b4 Kb7 0-1

[Event "*** Titled Tuesday Blitz"]
[Site "Chess.com"]
[Date "2020.04.14"]
[Round "3"]
[White "Joshukid"]
[Black "Everyfishknows"]
[Result "1-0"]
[WhiteElo "2578"]
[BlackElo "2356"]
[TimeControl "180+1"]
[EndTime "10:27:33 PDT"]
[Termination "Joshukid won on time"]

1. Nf3 Nf6 2. c4 g6 3. b3 Bg7 4. Bb2 O-O 5. g3 d6 6. d4 Nbd7 7. Bg2 c6 8. O-O Qc7 9. Nc3 Re8 10. e3 e5 11. Rc1 Nf8 12. b4 e4 13. Nd2 Bf5 14.
d5 h5 15. dxc6 bxc6 16. b5 h4 17. bxc6 Qxc6 18. Nb3 Bg4 19. Qc2 Qxc4 20. Nxe4 Qxc2 21. Nxf6+ Bxf6 22. Rxc2 Bxb2 23. Bxa8 Be5 24. Bc6 Rc8 25. Rfc1 Ne6 26. Bd7 Rd8 27. Rc8 Rxc8 28. Rxc8+ Kg7 29. Nd4 Nxd4 30. Bxg4 Nb5 31. f4 Bf6 32. Bd7 1-0

[Event "*** Titled Tuesday Blitz"]
[Site "Chess.com"]
[Date "2020.04.14"]
[Round "3"]
[White "White_Ghost"]
[Black "abhidabhi"]
[Result "0-1"]
[WhiteElo "2509"]
[BlackElo "2748"]
[TimeControl "180+1"]
[EndTime "10:27:34 PDT"]
[Termination "abhidabhi won on time"]

1. d4 Nf6 2. c4 e6 3. Nf3 b6 4. g3 Bb7 5. Bg2 Bb4+ 6. Bd2 Bxd2+ 7. Qxd2 O-O 8. O-O d6 9. Nc3 Nbd7 10. Rfe1 Ne4 11.
Nxe4 Bxe4 12. Qf4 Nf6 13. Ng5 Bxg2 14. Kxg2 d5 15. cxd5 Nxd5 16. Qd2 Rc8 17. e4 Ne7 18. Rad1 Qd7 19. d5 h6 20. Nf3 exd5 21. Ne5 Qd6 22. exd5 Rcd8 23. Nc4 Qxd5+ 24. Qxd5 Nxd5 25. a3 c5 26. Re5 Nf4+ 27. gxf4 Rxd1 28. Re7 Ra8 29. Ne5 f6 30. Ng6 Rb1 31. Kg3 Rxb2 32. Kg4 Rxf2 33. h4 c4 34. Rc7 b5 35. Ne7+ Kh8 36. Kh5 Rg2 37. Ng6+ Kh7 38. f5 a5 0-1